 Dungeon Crawl Stone Soup version 0.30.1 (webtiles) character file.

Game seed: 17180120192399904762

97 Graphine the Shooter (level 4, -7/27 HPs)
             Began as a Deep Elf Hunter on July 11, 2023.
             Mangled by Robin
             ... wielding a +6 heavy falchion
              (12 damage)
             ... on level 3 of the Dungeon.
             The game lasted 00:04:14 (1443 turns).

Graphine the Shooter (Deep Elf Hunter)              Turns: 1443, Time: 00:04:15

Health: -7/27      AC:  5    Str:  8    XL:     4   Next: 42%
Magic:  6/6        EV: 13    Int: 16    God:
Gold:   132        SH:  0    Dex: 18    Spells: 3/3 levels left

rFire   . . .        a - +0 shortbow
rCold   . . .        (shield currently unavailable)
rNeg    . . .        c - +0 leather armour
rPois   .            (no helmet)
rElec   .            i - +1 cloak
rCorr   .            (no gloves)
SInv    .            (no boots)
Will    .....        (no amulet)
Stlth   ++           (no ring)
HPRegen 0.24/turn    (no ring)
MPRegen 0.10/turn

%: no passive effects
@: hasted, very quick
A: no striking features
a: no special abilities


You were on level 3 of the Dungeon.
You visited 1 branch of the dungeon, and saw 3 of its levels.

You collected 132 gold pieces.

Inventory:

Hand Weapons
 a - a +0 shortbow (weapon)
Armour
 c - a +0 leather armour (worn)
 i - a +1 cloak (worn)
 k - a +3 scale mail
Scrolls
 b - 3 scrolls of immolation
 l - a scroll of identify
Potions
 d - a potion of curing {unknown}
 e - a potion of flight
 f - a potion of resistance {unknown}
 g - a potion of heal wounds {unknown}
 j - a potion of degeneration {unknown}
 n - a potion of lignification {unknown}
 o - a potion of haste


   Skills:
 + Level 2.6 Fighting
 + Level 6.2 Ranged Weapons
 + Level 3.8 Dodging
 - Level 1.2 Stealth


You had 3 spell levels left.
You didn't know any spells.
Your spell library was empty.

Dungeon Overview and Level Annotations

Branches:
Dungeon (3/15)

Altars:

Annotations:
D:3 Ijyb, Robin


Message History

The goblin no longer looks unusually strong.
Robin roars a battlecry!
The goblin goes into a battle-frenzy!
A rat comes into view.
A ball python comes into view.
The ball python hisses angrily.
A goblin comes into view. It is wielding a +0 club.
The ball python moves out of view.
You are too injured to fight recklessly!
Fire: a) +0 shortbow
Press: ? - help, Q - select action Shift-Dir - straight line, f/p - Robin
Aim: Robin, wielding a +6 heavy falchion, wearing a +0 animal skin and wearing a +0 helmet (lightly wounded, 72% to hit)
You shoot an arrow. The goblin shouts!
The arrow hits the goblin.
The goblin is moderately wounded.
Fire: a) +0 shortbow
Press: ? - help, Q - select action Shift-Dir - straight line, f/p - Robin
Aim: Robin, wielding a +6 heavy falchion, wearing a +0 animal skin and wearing a +0 helmet (lightly wounded, 72% to hit)
You shoot an arrow. The arrow closely misses the goblin.
The arrow hits Robin.
Robin is moderately wounded.
Fire: a) +0 shortbow
Press: ? - help, Q - select action Shift-Dir - straight line, f/p - Robin
Aim: Robin, wielding a +6 heavy falchion, wearing a +0 animal skin and wearing a +0 helmet (moderately wounded, 72% to hit)
You shoot an arrow. The arrow misses the goblin.
The arrow hits Robin.
Robin is severely wounded.
The goblin closely misses you.
Fire: a) +0 shortbow
Press: ? - help, Q - select action Shift-Dir - straight line, f/p - Robin
Aim: Robin, wielding a +6 heavy falchion, wearing a +0 animal skin and wearing a +0 helmet (severely wounded, 72% to hit)
You shoot an arrow. The arrow hits the goblin.
You kill the goblin!
Fire: a) +0 shortbow
Press: ? - help, Q - select action Shift-Dir - straight line, f - hobgoblin, p - Robin
Aim: a hobgoblin (lightly wounded, strong, 65% to hit)
You shoot an arrow. The arrow closely misses Robin.
The arrow hits the hobgoblin!
You kill the hobgoblin!
Robin hits you with a +6 heavy falchion!
You die...

#... . #... .##...
..... #..g .....
##.r.. . ....
##....### ~~ ...
#.....@.#
~~~#..###.#.###g##
~~~..#.....b# #..#
~~~..)..w...# ##.#
~~~.........####.##
#.<...))g)...#
#.....######.#
.g.......# ...
.r.......... .....


You could see Robin, a goblin and a rat.

Vanquished Creatures
  An adder (D:2)
  A worm (D:2)
  A dart slug (D:1)
  3 ball pythons
  9 endoplasms
  A giant cockroach (D:1)
  14 goblins
  13 hobgoblins
  7 jackals (D:1)
  2 kobolds
  2 quokkas (D:1)
  8 bats
  3 frilled lizards (D:1)
  3 rats
68 creatures vanquished.

Notes
Turn   | Place    | Note
-------+----------+-------------------------------------------
     0 | D:1      | Graphine the Deep Elf Hunter began the quest for the Orb.
     0 | D:1      | Reached XP level 1. HP: 12/12 MP: 3/3
   104 | D:1      | Reached XP level 2. HP: 17/17 MP: 4/4
   215 | D:1      | Reached XP level 3. HP: 21/21 MP: 5/5
   717 | D:1      | Found a faded altar of an unknown god.
   835 | D:1      | Reached skill level 6 in Ranged Weapons
  1139 | D:2      | Reached XP level 4. HP: 27/27 MP: 6/6
  1385 | D:3      | Noticed Ijyb
  1407 | D:3      | Noticed Robin
  1443 | D:3      | Mangled by Robin

Illustrated notes

Levels and vault maps discovered:
D:1:      minmay_arrival_checkered_box, layout_basic, basic_ecumenical_altar,
          dreamdust_princess_corridor, serial_bayou_pond_e, solitary_fountain,
          minmay_tiny_reverse_x
D:2:      kennysheep_big_flooded_room, layout_basic
D:3:      layout_rooms, nicolae_wu_jian_immortal_techniques,
          cheibrodos_sewer_entry_drain, uniq_grinder, uniq_ijyb, uniq_robin

Skill      XL: |  1  2  3 |
---------------+----------+-----
Fighting       | 2 |  2.6
Dodging        | 3 |  3.8
Ranged Weapons | 6 |  6.2
Stealth        | |  1.2

Action                     |  1- 3 |  4- 6 || total
---------------------------+-------+-------++-------
   Fire: Shortbow          |   125 |    29 ||   154
    Use: Scroll            |     2 |     2 ||     4
         Potion            |       |     1 ||     1
 Armour: Leather armour    |    16 |     9 ||    25
  Dodge: Dodged            |    52 |    23 ||    75
